 Dungeon Crawl Stone Soup version 0.28.0-43-g3370ac3207 (webtiles) character file.

Game seed: 1765158245126171941

65 Revguard the Chopper (level 3, -3/28 HPs)
             Began as a Demonspawn Gladiator on Mar 9, 2022.
             Slain by a gnoll
             ... wielding a +0 spear
              (5 damage)
             ... on level 3 of the Dungeon.
             The game lasted 00:03:21 (1801 turns).

Revguard the Chopper (Demonspawn Gladiator)         Turns: 1801, Time: 00:03:22

Health: -3/28      AC:  3    Str: 14    XL:     3   Next: 94%
Magic:  3/4        EV: 12    Int: 11    God:
Gold:   90         SH:  0    Dex: 14    Spells: 3/3 levels left

rFire   . . .      SeeInvis .   a - +0 war axe
rCold   . . .      Faith    .   g - orb {*channel}
rNeg    . . .      Spirit   .   b - +0 leather armour
rPois   .          Reflect  .   (helmet restricted)
rElec   .          Harm     .   (no cloak)
rCorr   .          Rampage  .   (no gloves)
Will    .....                   (no boots)
Stlth   +.........              (no amulet)
HPRegen 0.09/turn               (no ring)
MPRegen 0.09/turn               (no ring)

@: no status effects
A: antennae 1
a: no special abilities


You were on level 3 of the Dungeon.
You visited 1 branch of the dungeon, and saw 3 of its levels.

You collected 90 gold pieces.

Inventory:

Hand Weapons
 a - a +0 war axe (weapon)
Missiles
 d - 3 throwing nets (quivered)
Armour
 b - a +0 leather armour (worn)
 c - a +0 helmet
 g - an orb of energy (worn)
Scrolls
 e - a scroll of identify
 i - a scroll of amnesia
Potions
 f - a potion of brilliance
 h - 2 potions of mutation {unknown}
 j - a potion of heal wounds {unknown}


   Skills:
 + Level 2.4 Fighting
 + Level 3.0 Axes
 - Level 1.7 Throwing
 * Level 1.6 Armour
 + Level 3.0 Dodging
 * Level 0.8 Spellcasting
 + Level 1.0 Evocations


You had 3 spell levels left.
You didn't know any spells.
Your spell library was empty.

Dungeon Overview and Level Annotations

Branches:
Dungeon (3/15)

Altars:


Innate Abilities, Weirdness & Mutations

You have a pair of small antennae on your head.


Message History

The ball python is moderately wounded.
The ball python barely misses you. The ball python constricts you.
You hit the ball python.
You kill the ball python!
You see here a ball python corpse.
HP restored.
A goblin comes into view. It is wielding a +0 club.
The goblin shouts!
You barely miss the goblin. The goblin hits you but does no damage.
The goblin hits you with a +0 club.
You barely miss the goblin. The goblin hits you with a +0 club.
You hit the goblin.
The goblin is severely wounded.
The goblin barely misses you.
You slash the goblin!
You kill the goblin!
You see here a +0 club.
A gnoll comes into view. It is wielding a +0 flail.
The gnoll shouts!
You hear a shout!
A gnoll comes into view. It is wielding a +0 whip.
Found 9 gold pieces.
Found a stone staircase leading up.
The gnoll shouts!
A gnoll comes into view. It is wielding a +0 spear.
You slash the gnoll!
The gnoll is severely wounded.
The gnoll hits you with a +0 flail!
You hit the gnoll but do no damage.
The gnoll is severely wounded.
The gnoll hits you with a +0 flail!
* * * LOW HITPOINT WARNING * * *
You slash the gnoll!
You kill the gnoll!
Your Dodging skill increases to level 3!
Your Evocations skill increases to level 1!
The gnoll hits you from afar with a +0 spear.
* * * LOW HITPOINT WARNING * * *
You see here a +0 flail.
Found an escape hatch in the floor.
The gnoll barely misses you.
The gnoll hits you from afar with a +0 spear.
You die...

#.# #..#
#####.... #
#..#######.
#......>...
##.#######. ##
#######.# ...
#.......# ....
#.#.#######
..... #.#.#
########...<.>
#.#.####
#....@.gg.....
.......#
###.######......
#.#.##.# #.....#
..$.. ..#....#
#.#.#.# #.##
.####..# #.#.#.#
# .......# #.#.#
# .###...# #.#.#
.# #...# #.#.#
.# #...# #.#.#


You could see 2 gnolls.

Vanquished Creatures
  A gnoll (D:3)
  An adder (D:2)
  A worm (D:2)
  A dart slug (D:2)
  7 ball pythons
  3 bats
  3 endoplasms
  2 giant cockroaches (D:1)
  5 goblins
  3 hobgoblins
  2 quokkas (D:2)
  2 frilled lizards
  2 kobolds
  3 rats
36 creatures vanquished.

Notes
Turn   | Place    | Note
-------+----------+-------------------------------------------
     0 | D:1      | Revguard the Demonspawn Gladiator began the quest for the
                  | Orb.
     0 | D:1      | Reached XP level 1. HP: 16/16 MP: 1/1
   314 | D:1      | Gained mutation: You have a pair of small antennae on your
                  | head. [demonic ancestry]
   314 | D:1      | Reached XP level 2. HP: 22/22 MP: 2/2
   446 | D:1      | Found a faded altar of an unknown god.
   593 | D:1      | Reached skill level 1 in Armour
   945 | D:2      | Reached XP level 3. HP: 20/27 MP: 3/3
  1799 | D:3      | Reached skill level 1 in Evocations
  1801 | D:3      | Slain by a gnoll

Illustrated notes

Levels and vault maps discovered:
D:1:      nicolae_arrival_somewhat_less_tricky_arrival, layout_basic,
          shapermc_ecumenical_altar_venn
D:2:      layout_rooms, palyth_stone_intersect, st_stairs_12
D:3:      layout_basic, corexii_corridor_pit

Skill      XL: |  1  2  3 |
---------------+----------+-----
Armour         | 1 |  1.6
Axes           | 3 |  3.0
Dodging        | 3 |  3.0
Evocations     | 1 |  1.0
Fighting       | |  2.4
Throwing       | |  1.7
Spellcasting   | |  0.8

Action                   || total
-------------------------++-------
Melee: War axe           ||    82
  Use: Scroll            ||     2
       Potion            ||     2
 Stab: Distracted        ||     1
Armor: Leather armour    ||    32
Dodge: Dodged            ||    67
